 Dungeon Crawl Stone Soup version 0.31-a0-354-g827e0957a7 (webtiles) character file.

Game seed: 1246172819435356508

393 avis the Trooper (level 6, 0/53 HPs)
             Began as a Hill Orc Shapeshifter on July 23, 2023.
             Was an Initiate of Beogh.
             Slain by Menkaure (21 damage)
             ... on level 4 of the Dungeon.
             The game lasted 00:14:13 (3968 turns).

avis the Trooper (Hill Orc Shapeshifter)            Turns: 3968, Time: 00:14:13

Health: 0/53       AC:  8    Str: 20    XL:     6   Next: 81%
Magic:  8/8        EV:  8    Int:  8    God:    Beogh [......]
Gold:   292        SH:  0    Dex: 16    Spells: 5/5 levels left

rFire   . . .        a - +2 battleaxe "Orb Guardian's Bane" {flame, Dex+5 Stlth+}
rCold   . . .        (shield currently unavailable)
rNeg    . . .        k - +0 chain mail
rPois   .            (helmet currently unavailable)
rElec   .            (cloak currently unavailable)
rCorr   .            (gloves currently unavailable)
SInv    .            i - melded +0 pair of boots
Will    .....        (no amulet) Stlth
                     (no ring)
HPRegen 0.28/turn    (no ring)
MPRegen 0.11/turn

%: no passive effects
@: beast-form
A: beast (slay +3)
a: Begin Untransformation, Renounce Religion


You were on level 4 of the Dungeon.
You worshipped Beogh.
Beogh was noncommittal.
You were a hulking beast.
You visited 1 branch of the dungeon, and saw 5 of its levels.

You collected 292 gold pieces.

Inventory:

Hand Weapons
 a - the +2 battleaxe "Orb Guardian's Bane" (weapon) {flame, Dex+5 Stlth+}
   (You found it on level 3 of the Dungeon)

   Dex:       It affects your dexterity (+5).
   Stlth:     It makes you more stealthy.
 q - a +1 heavy falchion
 r - a +1 vampiric short sword
 v - a +0 arbalest
 z - a +0 spear
Missiles
 e - 2 javelins
 o - 9 boomerangs
 u - 4 curare-tipped darts
Armour
 h - a +0 animal skin
 i - a +0 pair of boots (melded)
 k - a +0 chain mail (worn)
 y - a +0 chain mail
Magical Staves
 j - a staff of fire
Talismans
 c - a beast talisman
Wands
 s - a wand of flame (13)
Scrolls
 f - a scroll of fog {unknown}
 n - 4 scrolls of amnesia {unknown}
 p - 2 scrolls of identify {unknown}
 t - a scroll of blinking {unknown}
 w - a scroll of immolation {unknown}
 x - a scroll of brand weapon {unknown}
Potions
 b - 2 potions of lignification
 d - 2 potions of resistance {unknown}
 g - a potion of attraction {unknown}
 l - 2 potions of curing {unknown}
 m - a potion of brilliance {unknown}


   Skills:
 + Level 4.6 Fighting
 - Level 1.5 Dodging
 - Level 3.2 Unarmed Combat
 + Level 3.4 Invocations
 * Level 4.5 Shapeshifting


You had 5 spell levels left.
You didn't know any spells.
Your spell library contained the following spells:

 Spells                   Type           Power      Damage    Failure   Level
 Apportation              Tloc           0%         N/A       98%         1
 Necrotise                Necr           0%         1d4       98%         1
 Summon Small Mammal      Summ           0%         N/A       98%         1
 Ensorcelled Hibernation  Hex/Ice        0%         N/A       99%         2
 Anguish                  Hex/Necr       0%         N/A       100%        4
 Conjure Ball Lightning   Conj/Air       0%         3x3d6     100%        6
 Discord                  Hex            0%         N/A       100%        8
 Disjunction              Tloc           0%         N/A       100%        8


Dungeon Overview and Level Annotations

Branches:
Dungeon (5/15)
 Temple: D:4-7

Altars:
Fedhas
Uskayaw

Shops:
D:3 *

Annotations:
D:4 Menkaure


Message History

The orc wizard gestures wildly while chanting.
The orc wizard flickers and vanishes!
Deactivating autopickup; reactivate with Ctrl-A.
The iguana barely misses you.
You hear some strange, mumbled words.
A magic dart appears from out of thin air!
The magic dart hits you!
You closely miss something. You slash the iguana! You burn the iguana.
You kill the iguana!
Beogh accepts your kill.
You hear some strange, mumbled words.
Something tries to affect you, but you resist.
Something hits you.
You closely miss something. Something hits you but does no damage.
Unknown command.
You slash something! You burn something.
Something hits you but does no damage. x2
You slash something! You burn something. Beogh accepts your kill.
Reactivating autopickup.
You feel a bit more experienced.
You start resting.
HP restored.
Things that are here:
a +0 dagger; a +0 robe; an orc corpse
There is a stone staircase leading down, spattered with blood here.
You climb downwards.
Level annotation: Menkaure
There is a stone staircase leading up here.
Menkaure hits you!
You climb upwards.
There is a stone staircase leading down, spattered with blood here.
You closely miss Menkaure. Menkaure hits you!!
You slash Menkaure! You burn Menkaure.
Menkaure is heavily damaged.
Menkaure gestures wildly while chanting.
Menkaure seems to speed up.
You hit Menkaure. You burn Menkaure.
Menkaure is almost destroyed.
Menkaure hits you!!
You die...

### ##.# ###.###### #.## ##..#
### ##...#....##### ##.####..##
#.## ##.............. ###.....##
##.###............... ####....#
##.#................ .###...##
###................. .......#
##..#................ .......#
###....[...............
####...####.....hM...............
##...........#.................
#............#.................
#...........##.................
##..##........#.................
#..###..........................
##..# ##.........................
#..## #....##...................
...# ##...##....................


You could see Menkaure (fast).

Vanquished Creatures
  A water moccasin (D:4)
  A scorpion (D:5)
  2 hounds (D:4)
  An iguana (D:4)
  An orc wizard (D:4)
  3 gnolls (D:4)
  3 adders
  2 worms
  3 dart slugs (D:1)
  6 orcs
  8 ball pythons
  7 bats
  5 endoplasms
  4 giant cockroaches
  3 hobgoblins
  A quokka (D:3)
  2 frilled lizards (D:2)
  A goblin (D:3)
  3 kobolds
  5 rats
62 creatures vanquished.

Notes
Turn   | Place    | Note
-------+----------+-------------------------------------------
     0 | D:1      | avis the Hill Orc Shapeshifter began the quest for the Orb.
     0 | D:1      | Reached XP level 1. HP: 16/16 MP: 1/1
   210 | D:1      | Reached XP level 2. HP: 21/25 MP: 2/2
   614 | D:1      | Reached XP level 3. HP: 28/30 MP: 3/3
  1720 | D:2      | Became a worshipper of Beogh the Brigand
  1838 | D:3      | Identified the +2 battleaxe "Orb Guardian's Bane" {flame,
                  | Dex+5 Stlth+}
  1852 | D:3      | Found Buaqel's Assorted Antiques.
  1913 | D:3      | Reached XP level 4. HP: 38/38 MP: 4/4
  1988 | D:3      | Found a blossoming altar of Fedhas.
  2508 | D:4      | Reached skill level 1 in Invocations
  2620 | D:4      | Noticed a water moccasin
  2629 | D:4      | Killed a water moccasin
  2630 | D:4      | Reached XP level 5. HP: 45/46 MP: 4/6
  2722 | D:4      | Reached XP level 6. HP: 52/52 MP: 7/7
  2857 | D:4      | Found a hide-covered altar of Uskayaw.
  3721 | D:5      | Entered Level 5 of the Dungeon
  3843 | D:5      | Noticed Menkaure
  3968 | D:4      | Slain by Menkaure

Illustrated notes

Levels and vault maps discovered:
D:1:      eino_arrival_tree_alley, layout_basic
D:2:      layout_basic
D:3:      layout_loops_cross, fedhas_altar_1, serial_shops, shop, serial_bayou,
          serial_bayou_pond_a, serial_bayou_ford_a, serial_bayou_lagoon_a,
          serial_bayou_pond_c
D:4:      layout_layer_cave, nicolae_uskayaw_dance_hall,
          hangedman_abyss_or_decor_stagger
D:5:      layout_rooms, uniq_crazy_yiuf_cottage, uniq_menkaure

Skill      XL: |  1  2  3  4  5  6 |
---------------+-------------------+-----
Fighting       | 2 3 4 |  4.6
Shapeshifting  | 3 4 |  4.5
Invocations    | 2 3 |  3.4
Dodging        | |  1.5
Unarmed Combat | |  3.2

Action                     |  1- 3 |  4- 6 || total
---------------------------+-------+-------++-------
  Melee: Unarmed           |     8 |       ||     8
         Short sword       |   117 |       ||   117
         Battleaxe         |     7 |    58 ||    65
         Punch             |     1 |       ||     1
 Invoke: Convert to Beogh  |     1 |       ||     1
Ability: Begin Untransform |     1 |       ||     1
 Armour: Animal skin       |    23 |       ||    23
         Chain mail        |    30 |    40 ||    70
  Dodge: Dodged            |    66 |    34 ||   100
   Form: Beast             |     1 |       ||     1

Table legend: (Time is in decaauts)
 A = Elapsed time spent in this place.
 B = Non-inter-level travel time spent in this place.
 C = Inter-level travel time spent in this place.
 D = Time resting spent in this place.
 E = Time spent auto-exploring this place.
 F = Levels seen in this place.
 G = Mean time per level.
                   A        B        C        D        E       F      G
               +--------+--------+--------+--------+--------+-----+--------+
         Total |   4034 |   3560 |    474 |    260 |   2574 |   5 |  806.8 |
       Dungeon |   4034 |   3560 |    474 |    260 |   2574 |   5 |  806.8 |
               +--------+--------+--------+--------+--------+-----+--------+

Top non-repeatable levels by time:
     D:4: 1492 daAuts
     D:1: 929 daAuts
     D:2: 838 daAuts
     D:3: 748 daAuts
     D:5: 26 daAuts
